 Dungeon Crawl Stone Soup version 0.30.1-4-g462c640d31 (webtiles) character file.

Game seed: 14734678203288065162

330 Fortress the Insei (level 6, -12/45 HPs)
             Began as a Merfolk Transmuter on Sept 4, 2023.
             Was a Follower of Kikubaaqudgha.
             Killed by divine providence
             ... invoked by an orc priest
              (14 damage)
             ... on level 4 of the Dungeon.
             The game lasted 00:20:02 (3279 turns).

Fortress the Insei (Merfolk Transmuter)             Turns: 3279, Time: 00:20:05

Health: -12/45     AC:  8    Str: 11    XL:     6   Next: 51%
Magic:  10/10      EV: 16    Int: 14    God:    Kikubaaqudgha [*.....]
Gold:   26         SH:  3    Dex: 14    Spells: 6/11 levels left

rFire   . . .        n - +1 short sword (drain)
rCold   . . .        q - +0 buckler
rNeg    . . .        i - +0 ring mail
rPois   .            (no helmet)
rElec   .            (no cloak)
rCorr   .            g - +2 pair of gloves
SInv    .            (no boots)
Will    .....        (no amulet)
Stlth   +            m - +5 ring of evasion
HPRegen 0.27/turn    (no ring)
MPRegen 0.12/turn

%: no passive effects
@: flying
A: (nimble swimmer 2), mertail
a: Renounce Religion, Unearth Wretches


You were on level 4 of the Dungeon.
You worshipped Kikubaaqudgha.
Kikubaaqudgha was aware of your devotion.
You visited 1 branch of the dungeon, and saw 4 of its levels.

You collected 101 gold pieces.
You spent 75 gold pieces at shops.

Inventory:

Hand Weapons
 h - a +1 spear of distortion
 n - a +1 short sword of draining (weapon)
Armour
 a - a +0 robe
 g - a +2 pair of gloves (worn)
 i - a +0 ring mail (worn)
 q - a +0 buckler (worn)
Jewellery
 c - a ring of protection from fire
 m - a +5 ring of evasion (left hand)
Scrolls
 d - a scroll of torment {unknown}
 f - 2 scrolls of teleportation
 p - a scroll of blinking
Potions
 b - a potion of lignification
 j - a potion of berserk rage
 o - a potion of brilliance {unknown}


   Skills:
 + Level 2.3 Fighting
 - Level 3.0 Short Blades
 - Level 4.0 Dodging
 - Level 5.1 Unarmed Combat
 + Level 3.0 Spellcasting
 * Level 0.1 Summonings
 + Level 3.7 Transmutations


You had 6 spell levels left.
You knew the following spells:

 Your Spells              Type           Power      Damage    Failure   Level
a - Beastly Appendage     Tmut           24%        N/A       17%         1
b - Wereblood             Tmut           12%        N/A       26%         2
c - Call Imp              Summ           4%         N/A       75%         2

Your spell library contained the following spells:

 Spells                   Type           Power      Damage    Failure   Level
 Kiss of Death            Conj/Necr      8%         2d6       61%         1
 Magic Dart               Conj           8%         1d3       61%         1
 Necrotise                Necr           8%         1d4       61%         1
 Spider Form              Tmut/Pois      7%         N/A       73%         3
 Blink                    Tloc           4%         N/A       75%         2
 Scorch                   Fire           4%         2d5       75%         2
 Sublimation of Blood     Necr           2%         N/A       75%         2
 Mephitic Cloud           Conj/Pois/Air  2%         N/A       93%         3
 Vampiric Draining        Necr           2%         2d6       93%         3
 Ice Form                 Ice/Tmut       7%         N/A       98%         4
 Animate Dead             Necr           2%         N/A       100%        4
 Flame Wave               Conj/Fire      2%         2d4       100%        4
 Manifold Assault         Tloc           2%         N/A       100%        4
 Summon Cactus Giant      Summ           1%         N/A       100%        6
 Storm Form               Tmut/Air       3%         N/A       100%        7
 Summon Hydra             Summ           1%         N/A       100%        7


Dungeon Overview and Level Annotations

Branches:
Dungeon (4/15)
 Temple: D:4-7

Altars:
Kikubaaqudgha

Shops:
D:1 (   D:3 ?


Innate Abilities, Weirdness & Mutations

((You are very nimble when in or above water. (Stealth+, EV+, Speed+++)))
Your lower body shifts to a powerful aquatic tail in water.


Message History

The orc attacks as you move away! The orc closely misses you.
You closely miss the orc.
The orc is severely wounded.
The orc closely misses you.
You hit the orc.
You kill the orc!
Kikubaaqudgha accepts your kill.
You hit the orc.
The orc is lightly wounded.
The orc barely misses you.
You completely miss the orc. You block the orc's attack.
You hit the orc. You drain the orc.
The orc is severely wounded.
The orc closely misses you.
You barely miss the orc.
The orc is severely wounded.
The orc misses you.
The orc priest miscasts a cantrip.
You closely miss the orc.
The orc is severely wounded.
The orc hits you but does no damage.
The orc priest calls down the wrath of Beogh upon you.
Beogh smites you!
* * * LOW HITPOINT WARNING * * *
You hit the orc but do no damage.
The orc is severely wounded.
You block the orc's attack.
You hit the orc.
The orc is severely wounded.
The orc barely misses you.
The orc priest invokes the aid of Beogh against you.
Beogh smites you!
* * * LOW HITPOINT WARNING * * *
It was a potion of flight.
You feel very buoyant.
You fly up into the air.
The orc barely misses you.
The orc priest mumbles some strange prayers to Beogh against you.
Beogh smites you!
You die...
Kikubaaqudgha rasps: "You have failed me!
Welcome... death!"

.# #..## .....#
####......
#####.........
..#######o............
.......@oo............
..#########...........
#............
#....<.......
#.............
#.............
#..............
#..............
##.............


You could see an orc priest and 2 orcs.

Vanquished Creatures
  An orc priest (D:3)
  Natasha (thrice) (D:2)
  4 orc wizards (D:3)
  4 adders
  An ufetubus (D:2)
  2 dart slugs
  13 orcs
  8 ball pythons
  5 endoplasms
  3 giant cockroaches
  3 goblins
  4 hobgoblins
  3 quokkas
  6 bats
  6 frilled lizards
  3 kobolds
  9 rats
78 creatures vanquished.

Notes
Turn   | Place    | Note
-------+----------+-------------------------------------------
     0 | D:1      | Fortress the Merfolk Transmuter began the quest for the
                  | Orb.
     0 | D:1      | Reached XP level 1. HP: 15/15 MP: 3/3
   238 | D:1      | Reached XP level 2. HP: 21/21 MP: 5/5
   287 | D:1      | Learned a level 2 spell: Wereblood
   318 | D:1      | Found a faded altar of an unknown god.
   432 | D:1      | Reached skill level 4 in Unarmed Combat
   589 | D:1      | Found Tukaesm's Antique Weapon Emporium.
   626 | D:1      | Reached XP level 3. HP: 14/26 MP: 6/6
  1324 | D:2      | Reached XP level 4. HP: 32/32 MP: 5/7
  1359 | D:2      | Noticed Natasha
  1371 | D:2      | Killed Natasha
  1457 | D:2      | Noticed Natasha
  1466 | D:2      | Killed Natasha
  1467 | D:2      | Reached skill level 5 in Unarmed Combat
  1467 | D:2      | Reached XP level 5. HP: 12/37 MP: 6/8
  1570 | D:2      | Found an ancient bone altar of Kikubaaqudgha.
  1595 | D:2      | Became a worshipper of Kikubaaqudgha
  1714 | D:2      | Noticed Natasha
  1726 | D:2      | Killed Natasha
  2276 | D:3      | Reached skill level 1 in Short Blades
  2744 | D:3      | Reached XP level 6. HP: 28/44 MP: 10/10
  2878 | D:3      | Reached * piety under Kikubaaqudgha
  2878 | D:3      | Received a gift from Kikubaaqudgha
  2903 | D:3      | Learned a level 2 spell: Call Imp
  2954 | D:3      | Found Dyery's Magic Scroll Emporium.
  2962 | D:3      | Bought a scroll of blinking for 75 gold pieces
  3278 | D:4      | HP: 2/45 [orc priest/divine providence (9)]
  3279 | D:4      | Killed from afar by an orc priest

Illustrated notes

Levels and vault maps discovered:
D:1:      kennysheep_arrival_forest, layout_basic, serial_shops, shop_fountains,
          nicolae_ecumenical_snake_handling, st_stairs_11, chequers_arboretum,
          item_on_display_a
D:2:      layout_loops_ring, basic_altar, uniq_natasha
D:3:      layout_loops_corners, serial_shops, shop_scrolls, serial_bayou_pond_d
D:4:      layout_cave_pods, marbit_many_paths, serial_shops, shop, shop,
          shop_fountains, shop, shop

Skill      XL: |  1  2  3  4  5  6 |
---------------+-------------------+-----
Unarmed Combat | 4 5 |  5.1
Dodging        | 3 4 |  4.0
Transmutations | 3 |  3.7
Short Blades   | 2 3 |  3.0
Fighting       | 2 |  2.3
Spellcasting   | 3 |  3.0
Summonings     | |  0.1

Action                     |  1- 3 |  4- 6 || total
---------------------------+-------+-------++-------
  Melee: Unarmed           |   116 |    25 ||   141
         Headbutt          |     2 |     8 ||    10
         Short sword       |       |   194 ||   194
   Cast: Beastly Appendage |     5 |     8 ||    13
    Use: Scroll            |       |     9 ||     9
         Potion            |       |     3 ||     3
   Stab: Sleeping          |     1 |       ||     1
 Armour: Robe              |    11 |       ||    11
         Ring mail         |    13 |    55 ||    68
         Skin              |       |    23 ||    23
  Dodge: Dodged            |    89 |   117 ||   206
  Block: Buckler           |       |    20 ||    20
